 Dungeon Crawl Stone Soup version 0.21.1-1-g345015f (webtiles) character file.

1617 aronpayne the Skirmisher (level 8, -5/84 HPs)
             Began as a Troll Gladiator on May 26, 2018.
             Splashed by a brown ugly thing's acid (8 damage)
             ... on level 6 of the Dungeon.
             The game lasted 00:17:41 (3385 turns).

aronpayne the Skirmisher (Troll Gladiator)          Turns: 3385, Time: 00:17:42

Health: -5/84      AC: -3    Str: 24    XL:     8   Next: 64%
Magic:  7/7        EV: 12    Int:  4    God:
Gold:   359        SH:  0    Dex: 12    Spells: 7/7 levels left

rFire    . . .     SeeInvis .     - Unarmed
rCold    + . .     Gourm    +   (no shield)
rNeg     . . .     Faith    .   a - +0 robe
rPois    .         Spirit   .   b - +0 hat
rElec    .         Reflect  .   (no cloak)
rCorr    .         Harm     .   (gloves unavailable)
MR       .....                  (boots unavailable)
Stlth    +.........             (no amulet)
HPRegen  0.64/turn              p - ring of protection from cold
MPRegen  0.10/turn              (no ring)

@: corroded
A: large, unfitting armour, claws 3, fast metabolism 3, gourmand, regeneration
1, shaggy fur 1, tough skin 2
a: no special abilities


You were on level 6 of the Dungeon.
You were completely stuffed.

You visited 1 branch of the dungeon, and saw 6 of its levels.

You collected 359 gold pieces.

Inventory:

Missiles
 c - 3 throwing nets (quivered)
Armour
 a - a +0 robe (worn)
 b - a +0 hat (worn)
Magical Staves
 j - an uncursed staff of energy
Jewellery
 p - a ring of protection from cold (left claw)
Wands
 m - a wand of enslavement (11)
Scrolls
 e - a scroll of enchant armour {unknown}
 f - a scroll of remove curse
 h - a scroll of teleportation {unknown}
 n - a scroll of fear {unknown}
 r - a scroll of immolation {unknown}
 s - a scroll of identify
Potions
 g - a potion of curing
 i - a potion of invisibility
 l - a potion of ambrosia
 o - a potion of brilliance {unknown}
 q - a potion of flight {unknown}
 t - a potion of haste {unknown}
Comestibles
 d - 11 rations
 k - 5 chunks of flesh


   Skills:
 * Level 6.8 Fighting
 - Level 1.7 Throwing
 + Level 5.0 Dodging
 + Level 6.2 Unarmed Combat


You had 7 spell levels left.
You didn't know any spells.

Dungeon Overview and Level Annotations

Branches:
Dungeon (6/15)
 Temple: D:4-7

Altars:
Xom


Innate Abilities, Weirdness & Mutations

You are too large for most types of armour.
You have claws for hands.
Your metabolism is lightning-fast.
You like to eat raw meat.
Your natural rate of healing is unusually fast.
You are covered in fur. (AC +1)
You have very tough skin. (AC +2)


Message History

The brown ugly thing is moderately wounded.
The brown ugly thing barely misses you.
You claw the brown ugly thing!
The brown ugly thing is moderately wounded.
You scratch the brown ugly thing.
The brown ugly thing is heavily wounded.
The brown ugly thing bites you!
You are splashed with acid!
The acid burns!
You feel better. The brown ugly thing bites you!
* * * LOW HITPOINT WARNING * * *
You are splashed with acid!
The acid burns!
* * * LOW HITPOINT WARNING * * *
You feel better. The brown ugly thing bites you!
* * * LOW HITPOINT WARNING * * *
The acid corrodes you!
You are splashed with acid!
The acid burns!
* * * LOW HITPOINT WARNING * * *
The brown ugly thing barely misses you. The brown ugly thing bites you.
* * * LOW HITPOINT WARNING * * *
The acid corrodes you!
You are splashed with acid!
The acid burns!
You die...

...... #.# .<..##
#.# .##.# #.# #. ..
#.# .# #.# #.# # #.#
# #u# # ### . #@# #
#.. .## #.# # #.#
..# #.# #.# #.####.#
#.##.# #......##
#.##.### #..##...#
#.##...# #..##...#
##....#.###..##...#
...##.#.......#.รท.#


You could see a brown ugly thing.

Vanquished Creatures
  An ice beast (D:6)
  A sky beast (D:6)
  2 phantoms
  2 ogres
  A bullfrog (D:6)
  5 crimson imps
  A quasit (D:5)
  2 bullfrog zombies
  3 orc priests
  A jelly (D:6)
  6 orc wizards
  An iguana (D:4)
  Natasha (thrice) (D:2)
  Terence (D:3)
  2 worker ants (D:4)
  A hound skeleton (D:5)
  A howler monkey zombie (D:6)
  8 gnolls
  9 adders
  An adder zombie (D:6)
  An adder skeleton (D:5)
  A worm (D:2)
  4 dart slugs
  6 leopard geckos
  19 orcs
  11 bats
  6 giant cockroaches
  8 goblins
  7 hobgoblins
  14 jackals
  4 kobolds
  A quokka (D:2)
  2 ball pythons
  A frilled lizard (D:4)
  A jackal skeleton (D:4)
  A quokka skeleton (D:4)
  5 rats
144 creatures vanquished.

Notes
Turn   | Place    | Note
-------+----------+-------------------------------------------
     0 | D:1      | aronpayne the Troll Gladiator began the quest for the Orb.
     0 | D:1      | Reached XP level 1. HP: 19/19 MP: 0/0
   101 | D:1      | Reached XP level 2. HP: 28/28 MP: 1/1
   243 | D:1      | Reached XP level 3. HP: 36/36 MP: 2/2
   496 | D:2      | Noticed Natasha
   498 | D:2      | Killed Natasha
   575 | D:2      | Reached XP level 4. HP: 37/45 MP: 3/3
   731 | D:2      | Reached XP level 5. HP: 29/53 MP: 4/4
   905 | D:2      | Noticed Natasha
   906 | D:2      | Killed Natasha
   993 | D:2      | Noticed Natasha
   997 | D:2      | Killed Natasha
  1205 | D:2      | You fall through a shaft for 2 floors!
  1282 | D:3      | Noticed Terence
  1289 | D:3      | Killed Terence
  1289 | D:3      | Reached XP level 6. HP: 62/62 MP: 5/5
  2283 | D:4      | Reached XP level 7. HP: 68/71 MP: 6/6
  2287 | D:4      | Reached skill level 5 in Fighting
  2355 | D:4      | Reached skill level 5 in Unarmed Combat
  2584 | D:5      | Entered Level 5 of the Dungeon
  2691 | D:5      | Found a shimmering altar of Xom.
  3002 | D:5      | Reached XP level 8. HP: 47/83 MP: 7/7
  3363 | D:6      | Noticed a brown ugly thing
  3365 | D:6      | Reached skill level 5 in Dodging
  3377 | D:6      | HP: 4/84 [acid (10)]
  3385 | D:6      | HP: 3/84 [brown ugly thing (6)]
  3385 | D:6      | Splashed by a brown ugly thing's acid

Skill      XL: |  1  2  3  4  5  6  7  8 |
---------------+-------------------------+-----
Fighting       | 2 3 4 5 6 |  6.8
Dodging        | 3 4 5 |  5.0
Unarmed Combat | 4 5 6 |  6.2
Throwing       | |  1.7

Action                   |  1- 3 |  4- 6 |  7- 9 || total
-------------------------+-------+-------+-------++-------
Melee: Unarmed           |   102 |   195 |   145 ||   442
       Punch             |     1 |     3 |     4 ||     8
  Use: Potion            |     3 |     2 |     2 ||     7
       Scroll            |       |     4 |     1 ||     5
 Stab: Sleeping          |     1 |       |     1 ||     2
       Invisible         |     1 |     4 |       ||     5
  Eat: Chunk             |    11 |    16 |    10 ||    37
Armor: Robe              |    30 |    38 |    29 ||    97
Dodge: Dodged            |    66 |    82 |    60 ||   208
